 Dungeon Crawl Stone Soup version 0.27.1-37-g7b29ead8ac (webtiles) character file.

Game seed: 2192631174087445146

2674 sahdkjhfkaj the Cleaver (level 9, -6/80 HPs)
             Began as a Hill Orc Fighter on Mar 3, 2023.
             Was a Priest of Okawaru.
             Killed from afar by Erica (14 damage)
             ... with a lance of force
             ... on level 8 of the Dungeon.
             The game lasted 00:11:35 (5771 turns).

sahdkjhfkaj the Cleaver (Hill Orc Fighter)          Turns: 5771, Time: 00:11:36

Health: -6/80      AC: 13    Str: 22    XL:     9   Next: 63%
Magic:  9/9        EV:  5    Int:  8    God:    Okawaru [***...]
Gold:   321        SH: 11    Dex: 10    Spells: 8/8 levels left

rFire    . . .     SeeInvis +   a - +1 war axe
rCold    . . .     Faith    .   c - +0 kite shield
rNeg     . . .     Spirit   .   o - +0 plate armour
rPois    .         Reflect  .   g - +0 helmet
rElec    .         Harm     .   b - +0 cloak
rCorr    .         Rampage  .   (no gloves)
Will     .....                  (no boots)
Stlth    ..........             e - amulet of regeneration
HPRegen  1.23/turn              z - ring of see invisible
MPRegen  0.11/turn              (no ring)

@: slowed, very slow
A: no striking features
a: Renounce Religion, Heroism


You were on level 8 of the Dungeon.
You worshipped Okawaru.
Okawaru was most pleased with you.
You visited 2 branches of the dungeon, and saw 9 of its levels.

You collected 321 gold pieces.

Inventory:

Hand Weapons
 a - a +1 war axe (weapon)
Armour
 b - a +0 cloak (worn)
 c - a +0 kite shield (worn)
 g - a +0 helmet (worn)
 o - a +0 plate armour (worn)
Jewellery
 e - an amulet of regeneration (around neck)
 z - a ring of see invisible (left hand)
Wands
 d - a wand of iceblast (15)
 u - a wand of acid (14)
 A - a wand of flame (19)
Scrolls
 f - 2 scrolls of noise {!r}
 l - 3 scrolls of immolation {!r}
 n - 2 scrolls of amnesia {!r}
 q - a scroll of enchant weapon {!r}
 t - 2 scrolls of identify {!r}
 x - a scroll of fear {!r, unknown}
 y - a scroll of fog {!r, unknown}
Potions
 i - 2 potions of curing {!q}
 j - a potion of lignification {!q}
 k - a potion of attraction {!q}
 m - a potion of haste {!q}
 p - a potion of mutation {!q, unknown}
 s - 2 potions of flight {!q}
 v - 2 potions of cancellation {!q, unknown}
 w - 2 potions of degeneration {!q, unknown}
 B - a potion of invisibility {!q, unknown}


   Skills:
 + Level 7.7 Fighting
 - Level 11.0 Axes
 - Level 3.2 Armour
 * Level 9.4 Shields


You had 8 spell levels left.
You didn't know any spells.
Your spell library contained the following spells:

 Spells                   Type           Power      Damage    Failure   Level
 Stone Arrow              Conj/Erth      0%         3d7       100%        3
 Animate Armour           Summ/Erth      0%         N/A       100%        4
 Lehudib's Crystal Spear  Conj/Erth      0%         10d2      100%        8


Dungeon Overview and Level Annotations

Branches:
Dungeon (8/15)             Temple (1/1) D:4
   Lair: D:8-11

Altars:
Cheibriados
Dithmenos
Fedhas
Gozag
Hepliaklqana
Makhleb
Nemelex Xobeh
Okawaru
Qazlal
Ru
Sif Muna
Trog
Uskayaw
Vehumet
Wu Jian
Xom
Yredelemnul
Zin
The Shining One

Shops:
D:6 *   D:8 [

Annotations:
D:8 2 transporters, Erica


Message History

Reactivating autopickup.
z - a ring of see invisible (left hand)
Okay, then.
You are too injured to fight recklessly!
Okay, then.
You don't know any spells.
Aiming: Corrosive Bolt
Press: ? - help, Shift-Dir - straight line, f - Erica
Aim: Erica, wielding a +1 scimitar of flaming and wearing a +0 robe (slightly transparent, 68% to hit)
The bolt of acid hits Erica!
Erica is splashed with acid.
The acid corrodes Erica!
Erica is moderately wounded.
Erica points at you and mumbles some strange words.
You resist with significant effort.
Unknown command.
Unknown command.
Aiming: Corrosive Bolt
Press: ? - help, Shift-Dir - straight line, f/p - Erica
Aim: Erica, wielding a +1 scimitar of flaming and wearing a +0 robe (moderately wounded, slightly transparent, covered in acid, 68% to hit)
The bolt of acid misses Erica.
Unknown command.
Unknown command.
Aiming: Iceblast
Press: ? - help, Shift-Dir - straight line, p - Erica The mass of ice explodes!
The iceblast engulfs Erica!
Erica is heavily wounded.
Erica points at you and mumbles some strange words.
The lance of force hits you!!
* * * LOW HITPOINT WARNING * * *
You are knocked back by the lance of force.
You slam into the rock wall!
* * * LOW HITPOINT WARNING * * *
Erica gestures at you while chanting. You resist with significant effort.
Unknown command.
Okay, then.
Okay, then.
Erica casts a spell at you. The lance of force hits you!
You die...

. ##...# ##.#)......#.# .
#..##### #.().._.....# .
##.....# #.#)......#.# #####.#
#.#.......#.# ..###########.##
##.##.....##.##
.<...[.....##..##
#..####.####..#
..##.....#.###..#
#.............#
#........<.@.###.............#
#.....#......@..........######
############..##.......##
#####.......# #########


You could see Erica (corroded).

Vanquished Creatures
  3 orc warriors
  3 black bears
  A sky beast (D:6)
  An ogre (D:7)
  An ice beast (D:6)
  A hornet zombie (D:7)
  2 phantoms
  3 centaurs
  A kobold brigand (D:8)
  A bullfrog (D:6)
  3 scorpions
  A wight (D:8)
  A crimson imp (D:7)
  2 bullfrog zombies
  4 centaur zombies
  3 jellies
  3 orc priests
  A gnoll shaman (D:6)
  3 hounds
  An iguana (D:6)
  6 orc wizards
  A howler monkey zombie (D:6)
  10 gnolls
  9 adders
  A shadow imp (D:7)
  A white imp (D:6)
  An ufetubus (D:5)
  4 worms
  2 dart slugs
  19 orcs
  3 bats
  4 endoplasms
  4 giant cockroaches
  5 goblins
  10 hobgoblins
  12 kobolds
  7 quokkas
  6 ball pythons
  5 frilled lizards
  5 rats
154 creatures vanquished.

Notes
Turn   | Place    | Note
-------+----------+-------------------------------------------
     0 | D:1      | sahdkjhfkaj the Hill Orc Fighter began the quest for the
                  | Orb.
     0 | D:1      | Reached XP level 1. HP: 19/19 MP: 1/1
    43 | D:1      | Reached skill level 3 in Axes
    49 | D:1      | Reached XP level 2. HP: 7/26 MP: 2/2
   316 | D:1      | Found a faded altar of an unknown god.
   334 | D:1      | Reached skill level 4 in Axes
   591 | D:1      | Reached XP level 3. HP: 31/31 MP: 3/3
   950 | D:2      | Reached skill level 5 in Axes
  1112 | D:2      | Reached XP level 4. HP: 39/39 MP: 4/4
  1315 | D:3      | Reached skill level 6 in Axes
  1627 | D:2      | Reached XP level 5. HP: 40/45 MP: 5/5
  1638 | D:2      | Reached skill level 7 in Axes
  1802 | D:4      | Reached skill level 8 in Axes
  1802 | D:4      | Reached XP level 6. HP: 50/51 MP: 6/6
  1952 | D:4      | Found a staircase to the Ecumenical Temple.
  1978 | Temple   | Entered the Ecumenical Temple
  2202 | Temple   | Became a worshipper of Warmaster Okawaru
  2489 | D:4      | Reached skill level 9 in Axes
  2628 | D:5      | Entered Level 5 of the Dungeon
  2704 | D:5      | Reached XP level 7. HP: 57/57 MP: 7/7
  2847 | D:5      | Reached skill level 10 in Axes
  3195 | D:5      | Reached skill level 11 in Axes
  3237 | D:5      | Reached * piety under Okawaru
  3420 | D:6      | Found a snail-covered altar of Cheibriados.
  3436 | D:6      | Reached XP level 8. HP: 67/67 MP: 8/8
  3592 | D:6      | HP: 3/67 [orc warrior (10)]
  3634 | D:6      | Reached skill level 5 in Shields
  3713 | D:6      | Found an opulent altar of Gozag.
  3714 | D:6      | Found Gozag's Platinum Reserve.
  3786 | D:6      | Reached skill level 5 in Fighting
  3823 | D:6      | Found a bloodstained altar of Trog.
  3828 | D:6      | Reached ** piety under Okawaru
  3846 | D:6      | Found a stormy altar of Qazlal.
  3846 | D:6      | Found a blossoming altar of Fedhas.
  4266 | D:7      | Reached XP level 9. HP: 39/75 MP: 9/9
  4736 | D:7      | Found a burning altar of Makhleb.
  4738 | D:7      | Found a radiant altar of Vehumet.
  5156 | D:8      | Noticed a five-headed hydra
  5310 | D:8      | Reached *** piety under Okawaru
  5358 | D:8      | Found a transporter.
  5388 | D:8      | Found a sacrificial altar of Ru.
  5508 | D:8      | Found a transporter.
  5565 | D:8      | Found an ornate altar of the Wu Jian Council.
  5589 | D:8      | Found a hazy altar of Hepliaklqana.
  5677 | D:8      | Found Jouqumen's Antique Armour Emporium.
  5748 | D:8      | Noticed Erica
  5771 | D:8      | Killed from afar by Erica

Illustrated notes

Levels and vault maps discovered:
D:1:      minmay_arrival_doors, layout_basic,
          shapermc_ecumenical_altar_notcrosses
D:2:      layout_rooms, chequers_decorated_corner
D:3:      layout_rooms
D:4:      layout_gridville, minmay_temple_entry_trees
D:5:      layout_loops_ring
D:6:      layout_loops_ring, grunt_temple_overflow_forces_of_nature,
          trog_ov_bears_minmay, slow_altar_1, nicolae_gozag_zags_fifth_avenue,
          kennysheep_big_empty_room, minmay_misc_feat_columns,
          dk_rats_in_the_wall
D:7:      layout_cave_pods, grunt_temple_overflow_lords_of_destruction
D:8:      gammafunk_steamed_eel, layout_rooms, nzn_hepliaklqana_mist_gate,
          old_standard_altar, mainiacjoe_overflow_alcove_1, serial_shops, shop,
          minivault_24, minmay_between, uniq_erica
Temple:   compressed_dpeg_triangle_lava_temple

Skill      XL: |  1  2  3  4  5  6  7  8  9 |
---------------+----------------------------+-----
Axes           | 3 4 5 6 8 9 11 | 11.0
Fighting       | 4 6 7 |  7.7
Shields        | 4 7 9 |  9.4
Armour         | |  3.2

Action                   |  1- 3 |  4- 6 |  7- 9 || total
-------------------------+-------+-------+-------++-------
Melee: War axe           |   102 |   151 |   298 ||   551
Evoke: Wand              |       |       |     3 ||     3
  Use: Scroll            |       |     5 |     4 ||     9
       Potion            |       |     2 |     6 ||     8
Armor: Scale mail        |    71 |    17 |       ||    88
       Plate armour      |       |    94 |   217 ||   311
Dodge: Dodged            |    37 |    50 |    72 ||   159
Block: Kite shield       |    10 |       |   146 ||   156
